 Dungeon Crawl Stone Soup version 0.25-a0-890-g62861fb (webtiles) character file.

Game seed: 14844076487213908651, levelgen mode: deterministic

74 BlueFish the Grasshopper (level 4, -2/30 HPs)
             Began as an Octopode Warper on May 10, 2020.
             Slain by an orc wizard
             ... wielding a +0 dagger
              (6 damage)
             ... on level 2 of the Dungeon.
             The game lasted 00:03:40 (1125 turns).

BlueFish the Grasshopper (Octopode Warper)          Turns: 1125, Time: 00:03:41

Health: -2/30      AC:  1    Str: 11    XL:     4   Next: 30%
Magic:  3/7        EV: 14    Int: 15    God:
Gold:   64         SH:  0    Dex: 11    Spells: 3/7 levels left

rFire    . . .     SeeInvis .     - Unarmed
rCold    . . .     Gourm    .   (no shield)
rNeg     . . .     Faith    .   (helmet restricted)
rPois    .         Spirit   .   (no amulet)
rElec    .         Reflect  .   (no ring)
rCorr    .         Harm     .   (no ring)
MR       .....                  (no ring)
Stlth    +++.......             (no ring)
HPRegen  0.10/turn              (no ring)
MPRegen  0.10/turn              (no ring)
                                (no ring)
                                (no ring)

@: shrouded (expiring)
A: almost no armour, stealthy swim, amphibious, 8 rings, constrict 8, camouflage
1, gelatinous body 1
a: no special abilities


You were on level 2 of the Dungeon.
You were not hungry.

You visited 1 branch of the dungeon, and saw 2 of its levels.

You collected 64 gold pieces.

Inventory:

Scrolls
 b - a scroll of blinking
Potions
 f - a potion of haste
 i - a potion of heal wounds {unknown}
Comestibles
 a - 3 chunks of flesh
 d - a ration


   Skills:
 * Level 2.3 Fighting
 * Level 1.7 Throwing
 * Level 2.8 Dodging
 * Level 1.5 Stealth
 * Level 2.8 Unarmed Combat
 + Level 2.1 Spellcasting
 + Level 0.8 Charms
 + Level 3.0 Translocations


You had 3 spell levels left.
You knew the following spells:

 Your Spells              Type           Power        Failure   Level  Hunger
a - Shroud of Golubria    Chrm/Tloc      #.....       16%         2    ###....
b - Blink                 Tloc           N/A          10%         2    ###....

Your spell library contained the following spells:

 Spells                   Type           Power        Failure   Level  Hunger
 Gell's Gravitas          Tloc           ##........   19%         3    ###....
 Lesser Beckoning         Tloc           ##........   19%         3    ###....
 Teleport Other           Tloc           ##......     19%         3    ###....
 Passage of Golubria      Tloc           N/A          52%         4    #####..


Dungeon Overview and Level Annotations

Branches:
Dungeon (2/15)

Altars:


Innate Abilities, Weirdness & Mutations

You cannot wear most types of armour.
You are very stealthy in the water. (Stealth+)
You are amphibious.
You can wear up to eight rings at the same time.
You can use your tentacles to constrict eight enemies at once.
Your skin changes colour to match your surroundings (Stealth+).
Your rubbery body absorbs attacks. (AC +1, EV +1)


Message History

Your shroud begins to fray at the edges.
You constrict the bat. The bat barely misses you.
The bat struggles to escape constriction. x2
You barely miss the bat.
The bat is moderately wounded.
You constrict the bat.
You kill the bat!
You hear some strange, mumbled words.
Something tries to affect you, but you resist.
Your shroud bends something's attack away.
Items here: )) ††† a +0 whip; a +0 dagger; a gnoll corpse; an orc corpse; a frilled lizard corpse You barely miss something.
You hear some strange, mumbled words.
A puff of flame appears from out of thin air!
The puff of flame hits you!
* * * LOW HITPOINT WARNING * * *
You miss something. Something barely misses you.
You closely miss something. You squeeze something! Something hits you.
You die...

### ## ♣♣..###.#
♣♣♣♣♣..#.#.###
.........)...##.
♣?.{.!)......
♣♣#@###...###
#.# ### #### #
##.####
####..##.#
#.....#
#......#<#.#
##.##.#
#.##.......#
####.###
....÷..# #....##
#.###>.#
###.....##
(..##..#
#...........


There were no monsters in sight!

Vanquished Creatures
  3 gnolls (D:2)
  An ooze (D:1)
  A worm (D:2)
  A dart slug (D:1)
  3 orcs (D:2)
  2 giant cockroaches (D:1)
  2 goblins
  2 hobgoblins (D:1)
  2 kobolds
  A quokka (D:2)
  A ball python (D:1)
  7 bats
  A frilled lizard (D:2)
  10 rats
37 creatures vanquished.

Notes
Turn   | Place    | Note
-------+----------+-------------------------------------------
     0 | D:1      | BlueFish the Octopode Warper began the quest for the Orb.
     0 | D:1      | Reached XP level 1. HP: 14/14 MP: 3/3
   307 | D:1      | Reached XP level 2. HP: 19/19 MP: 5/5
   311 | D:1      | Learned a level 2 spell: Shroud of Golubria
   314 | D:1      | Learned a level 2 spell: Blink
   542 | D:1      | Reached XP level 3. HP: 24/24 MP: 3/6
  1077 | D:2      | Reached skill level 1 in Stealth
  1097 | D:2      | Reached XP level 4. HP: 11/29 MP: 4/7
  1125 | D:2      | Slain by an orc wizard

Levels and vault maps discovered:
D:1:      minmay_arrival_stone_box, layout_loops_ring
D:2:      layout_loops_cross, vehumet_crystals, lemuel_doored_altar,
          fedhas_altar_4

Skill      XL: |  1  2  3 |
---------------+----------+-----
Stealth        | 1 |  1.5
Fighting       | |  2.3
Throwing       | |  1.7
Dodging        | |  2.8
Unarmed Combat | |  2.8
Spellcasting   | |  2.1
Charms         | |  0.8
Translocations | |  3.0

Action                   |  1- 3 |  4- 6 || total
-------------------------+-------+-------++-------
Melee: Unarmed           |    78 |    10 ||    88
       Constrict         |    22 |     3 ||    25
       Tentacles         |    14 |     2 ||    16
Throw: Boomerang         |       |     5 ||     5
 Cast: Shroud of Golubri |    11 |     2 ||    13
  Use: Scroll            |     3 |       ||     3
       Potion            |       |     1 ||     1
 Stab: Sleeping          |     8 |       ||     8
  Eat: Chunk             |     1 |     1 ||     2
Armor: Skin              |     7 |     2 ||     9
Dodge: Dodged            |    44 |     8 ||    52

Table legend:
 A = Non-vault XP
 B = Vault XP
 C = Vault XP percentage of total XP
 D = Non-vault monster count
 E = Vault monster count
 F = Vault count percentage of total count
                 A         B        C        D         E       F
            +---------+---------+-------+---------+---------+-------
      Total |     107 |       0 |   0.0 |      37 |       0 |   0.0
            +---------+---------+-------+---------+---------+-------
        D:1 |      39 |       0 |   0.0 |      23 |       0 |   0.0
        D:2 |      68 |       0 |   0.0 |      14 |       0 |   0.0
            +---------+---------+-------+---------+---------+-------
